Map: [ESL] Goldenaura

Players

ShoWTimE

  • Race: Protoss Protoss
  • Spawn Location: 5:00

MaxPax - Winner!

  • Race: Protoss Protoss
  • Spawn Location: 12:00

Event: ESL SC2 Masters 2024 Spring (Regional)

VOD

Have the link to the VOD?

Description

Time

  • Played on: April 17, 2024, 12:07 p.m.
  • Length: 6:14

All games in this series

Show
View Real Time Build Order
Export as new Build Order

ShoWTimE Protoss 

Build Orders:  

Get SALT Encoding   

  12  0:00  Probe  
  13  0:12  Probe  
  14  0:17  Pylon  
  14  0:24  Probe  
  15  0:36  Probe (Chrono Boost)  
  15  0:37  Gateway  
  15  0:42  Assimilator  
  16  0:49  Probe (Chrono Boost)  
  17  0:54  Probe (Chrono Boost)  
  18  1:00  Assimilator  
  18  1:04  Probe (Chrono Boost)  
  18  1:09  Pylon  
  19  1:14  Probe (Chrono Boost)  
  20  1:19  Probe (Chrono Boost)  
  20  1:23  Cybernetics Core  
  21  1:30  Probe  
  22  1:38  Gateway  
  22  1:42  Probe  
  23  1:48  Pylon  
  23  1:57  Warp Gate (Chrono Boost)  
  23  2:00  Stalker  
  25  2:10  Robotics Facility  
  25  2:19  Gateway  
  25  2:27  Stalker  
  27  2:35  Stalker  
  29  2:43  Pylon  
  29  2:58  Stalker  
  31  3:07  Pylon  
  35  3:25  Pylon  
  35  3:30  Immortal (Chrono Boost)  
  33  3:40  Pylon  
  33  3:41  Robotics Bay  
  33  3:46  Sentry  
  33  3:48  Adept  
  37  4:02  Warp Prism (Chrono Boost)  
  39  4:11  Adept  
  39  4:29  Adept  
  41  4:33  Disruptor (Chrono Boost)  
  41  4:36  Adept  
  47  4:43  Pylon  
  47  4:45  Pylon  
  47  5:03  Disruptor  
  47  5:06  Adept x2  
  55  5:24  Adept  
  57  5:35  Pylon  
  57  5:42  Pylon  
  53  5:54  Pylon  
  53  5:55  Stalker x2  
  53  6:06  Adept  
Show
View Real Time Build Order
Export as new Build Order

MaxPax Protoss - Winner!

Build Orders: 1 Gate Expand 

Get SALT Encoding   

  12  0:00  Probe  
  13  0:12  Probe  
  14  0:16  Pylon  
  14  0:24  Probe (Chrono Boost)  
  15  0:36  Probe (Chrono Boost), Gateway  
  16  0:44  Probe (Chrono Boost)  
  16  0:46  Assimilator  
  17  0:51  Probe  
  18  1:03  Probe  
  20  1:21  Nexus  
  20  1:23  Probe  
  20  1:37  Cybernetics Core  
  21  1:41  Zealot  
  22  1:50  Pylon  
  22  1:51  Probe  
  23  1:57  Assimilator  
  23  2:08  Probe  
  24  2:10  Stalker (Chrono Boost)  
  26  2:20  Probe  
  26  2:22  Robotics Facility  
  27  2:31  Warp Gate  
  27  2:32  Probe  
  27  2:36  Probe  
  29  2:37  Stalker (Chrono Boost)  
  31  2:44  Probe  
  31  2:48  Probe  
  33  2:57  Probe  
  34  3:00  Stalker  
  36  3:09  Immortal (Chrono Boost)  
  40  3:15  Probe  
  42  3:21  Shield Battery  
  41  3:29  Probe  
  40  3:40  Gateway  
  38  3:41  Immortal (Chrono Boost)  
  38  3:48  Shield Battery  
  41  3:51  Sentry  
  41  3:55  Pylon  
  43  4:02  Gateway  
  43  4:06  Shield Battery  
  43  4:12  Warp Prism (Chrono Boost)  
  45  4:23  Probe  
  44  4:25  Sentry  
  44  4:30  Shield Battery  
  46  4:38  Immortal (Chrono Boost)  
  50  4:40  Phoenix  
  50  4:44  Stalker  
  52  4:46  Probe  
  53  4:53  Pylon  
  51  5:07  Stalker  
  51  5:09  Assimilator  
  51  5:11  Pylon  
  51  5:13  Immortal (Chrono Boost)  
  57  5:18  Probe  
  56  5:22  Probe  
  56  5:27  Stalker  
  57  5:32  Probe  
  58  5:41  Stalker  
  60  5:47  Probe  
  60  5:48  Probe  
  61  5:51  Stalker  
Tags
 
Add a new tag
Caveats
  • Supply blocks, unpowered buildings, or Contaminate may cause inaccurate times.
  • Supply counts are checked every 10 seconds.